 Dungeon Crawl Stone Soup version 0.28-a0-612-gcfc00ec14d (webtiles) character file.

Game seed: 18130645660371816147

319 meatgazer the Skirmisher (level 6, -5/57 HPs)
             Began as a Minotaur Abyssal Knight on Oct 5, 2021.
             Was a Believer of Lugonu.
             Killed by divine providence
             ... invoked by an orc priest
              (11 damage)
             ... on level 5 of the Dungeon.
             The game lasted 00:02:58 (2273 turns).

meatgazer the Skirmisher (Minotaur Abyssal Knight)  Turns: 2273, Time: 00:02:58

Health: -5/57      AC:  4    Str: 18    XL:     6   Next: 21%
Magic:  7/8        EV: 11    Int:  7    God:    Lugonu [**....]
Gold:   101        SH:  0    Dex: 12    Spells: 5/5 levels left

rFire   . . .      SeeInvis .   a - +1 falchion
rCold   . . .      Faith    .   (no shield)
rNeg    . . .      Spirit   .   b - +1 leather armour
rPois   .          Reflect  .   (helmet restricted)
rElec   .          Harm     .   (no cloak)
rCorr   .          Rampage  .   (no gloves)
Will    .....                   (no boots)
Stlth   +.........              (no amulet)
HPRegen 0.19/turn               c - +4 ring of slaying
MPRegen 0.11/turn               (no ring)

@: no status effects
A: horns 2, retaliatory headbutt
a: Renounce Religion, Depart the Abyss, Bend Space


You were on level 5 of the Dungeon.
You worshipped Lugonu.
Lugonu was pleased with you.
You visited 1 branch of the dungeon, and saw 5 of its levels.
You visited the Abyss 1 time.

You collected 101 gold pieces.

Inventory:

Hand Weapons
 a - a +1 falchion (weapon)
Armour
 b - a +1 leather armour (worn)
 g - a +0 scale mail of poison resistance
Jewellery
 c - a +4 ring of slaying (left hand)
Potions
 d - 2 potions of curing
 e - a potion of heal wounds
 f - a potion of haste {unknown}


   Skills:
 + Level 5.6 Fighting
 + Level 5.0 Long Blades
 - Level 2.4 Armour
 - Level 1.1 Dodging
 + Level 4.0 Invocations


You had 5 spell levels left.
You didn't know any spells.
Your spell library contained the following spells:

 Spells                   Type           Power      Damage    Failure   Level
 Animate Skeleton         Necr           0%         N/A       50%         1
 Apportation              Tloc           0%         N/A       50%         1
 Summon Small Mammal      Summ           0%         N/A       50%         1
 Ozocubu's Armour         Ice            0%         N/A       86%         3
 Spider Form              Tmut/Pois      0%         N/A       86%         3
 Blade Hands              Tmut           0%         N/A       100%        5
 Ozocubu's Refrigeration  Ice            0%         4d5       100%        7
 Storm Form               Tmut/Air       0%         N/A       100%        7


Dungeon Overview and Level Annotations

Branches:
Dungeon (5/15)
 Temple: D:4-7

Altars:
Kikubaaqudgha


Innate Abilities, Weirdness & Mutations

You have a pair of horns on your head.
You reflexively headbutt those who attack you in melee.


Message History

The orc wizard gestures at you while chanting.
The orc priest calls down the wrath of Beogh upon you.
Beogh smites you!
* * * LOW HITPOINT WARNING * * *
Something hits you.
* * * LOW HITPOINT WARNING * * *
You closely miss something.
The orc priest looks braver for a moment.
Something hits you.
* * * LOW HITPOINT WARNING * * *
You miss something. Your headbutt misses something.
The orc wizard points at you and mumbles some strange words.
The magic dart hits something!
Reactivating autopickup.
Something hits you.
* * * LOW HITPOINT WARNING * * *
Deactivating autopickup; reactivate with Ctrl-A.
You barely miss something. Something hits you.
* * * LOW HITPOINT WARNING * * *
You slash something! Lugonu accepts your kill.
Reactivating autopickup.
You feel a bit more experienced.
The orc wizard points at you and mumbles some strange words.
The magic dart hits you.
* * * LOW HITPOINT WARNING * * *
Your Long Blades skill increases to level 5!
Your Invocations skill increases to level 4!
The orc wizard hits you but does no damage.
Things that are here:
a +0 dagger; a +0 robe You hit the orc wizard.
The orc wizard is moderately wounded.
The orc priest calls upon Beogh to heal the orc wizard.
The orc wizard's wounds heal themselves!
The orc wizard barely misses you.
You barely miss the orc wizard. The orc wizard barely misses you.
The orc priest mumbles some strange prayers to Beogh against you.
Beogh smites you!
You die...

#.#####..)....../+
###^.......).......#
...................#
........##.........#
#######.##.........#
..........#'########
######.##.#o# #.
#.#o# #. #.#@# #.
#.#.# #.##.#)#
#.#<.#.# #.####.#
..# ####


You could see an orc priest and an orc wizard.

Vanquished Creatures
  A black bear (D:4)
  A water moccasin zombie (D:5)
  A hound (D:4)
  An orc wizard (D:5)
  Robin (D:3)
  6 adders (D:2)
  A white imp (D:5)
  4 orcs (D:5)
  2 bats
  7 endoplasms
  3 giant cockroaches
  12 goblins
  4 hobgoblins
  5 jackals
  3 kobolds
  A quokka (D:1)
  2 ball pythons
  2 rats
57 creatures vanquished.

Vanquished Creatures (others)
  An orc wizard (D:5)
1 creature vanquished.

Grand Total: 58 creatures vanquished

Notes
Turn   | Place    | Note
-------+----------+-------------------------------------------
     0 | Abyss:1  | meatgazer the Minotaur Abyssal Knight began the quest for
                  | the Orb.
     0 | Abyss:1  | Reached XP level 1. HP: 19/19 MP: 1/1
    81 | Abyss:1  | Noticed a small abomination
    91 | Abyss:1  | Noticed a worldbinder
    92 | Abyss:1  | Noticed a large abomination
    93 | Abyss:1  | Noticed a swamp drake
    94 | D:1      | Escaped the Abyss
   176 | D:1      | Got Jewatyety's Tome of Shifting Poisoning
   506 | D:1      | Reached XP level 2. HP: 20/27 MP: 2/2
   507 | D:1      | Reached * piety under Lugonu
   872 | D:2      | Found a faded altar of an unknown god.
  1196 | D:2      | Reached XP level 3. HP: 29/33 MP: 3/3
  1281 | D:2      | Reached XP level 4. HP: 41/41 MP: 5/5
  1530 | D:3      | Noticed Robin
  1544 | D:3      | Killed Robin
  1969 | D:4      | Noticed a black bear
  1976 | D:4      | Killed a black bear
  1977 | D:4      | Reached skill level 5 in Fighting
  1977 | D:4      | Reached XP level 5. HP: 38/48 MP: 6/6
  2095 | D:4      | Reached ** piety under Lugonu
  2177 | D:4      | Found an ancient bone altar of Kikubaaqudgha.
  2212 | D:5      | Entered Level 5 of the Dungeon
  2236 | D:5      | Reached XP level 6. HP: 52/56 MP: 7/7
  2271 | D:5      | Reached skill level 5 in Long Blades
  2273 | D:5      | Killed from afar by an orc priest

Illustrated notes

Levels and vault maps discovered:
D:1:      mrwooster_arrival_statue_2, layout_loops_ring
D:2:      minmay_alternating_diamond, layout_basic,
          shapermc_ecumenical_altar_starsandcircs, minmay_misc_feat_pillars
D:3:      cheibrodos_thug_alley, layout_rooms,
          mainiacjoe_overflow_large_starburst, uniq_robin
D:4:      layout_basic, kennysheep_mini, mainiacjoe_overflow_alcove_1,
          lemuel_coloured_pillars_altar, ashenzari_conservatory_becter,
          hangedman_decor_push, minmay_between, uniq_blork_the_orc
D:5:      gammafunk_steamed_eel, layout_basic, grunt_gozag_statues,
          minmay_temple_entry_statues_pillars, lightli_minifort

Skill      XL: |  1  2  3  4  5  6 |
---------------+-------------------+-----
Invocations    | 2 3 4 |  4.0
Fighting       | 4 5 |  5.6
Long Blades    | 3 4 5 |  5.0
Armour         | |  2.4
Dodging        | |  1.1

Action                   |  1- 3 |  4- 6 || total
-------------------------+-------+-------++-------
Melee: Falchion          |    33 |    69 ||   102
       Headbutt          |     5 |    10 ||    15
Invok: Depart the Abyss  |     1 |       ||     1
  Use: Scroll            |     4 |     3 ||     7
       Potion            |     1 |       ||     1
Armor: Leather armour    |    10 |    25 ||    35
Dodge: Dodged            |    24 |    35 ||    59

Table legend: (Time is in decaauts)
 A = Elapsed time spent in this place.
 B = Non-inter-level travel time spent in this place.
 C = Inter-level travel time spent in this place.
 D = Time resting spent in this place.
 E = Time spent auto-exploring this place.
 F = Levels seen in this place.
 G = Mean time per level.
                   A        B        C        D        E       F      G
               +--------+--------+--------+--------+--------+-----+--------+
         Total |   2282 |   2220 |     62 |    305 |   1621 |   6 |  380.3 |
       Dungeon |   2188 |   2126 |     62 |    305 |   1544 |   5 |  437.6 |
         Abyss |     94 |     94 |      0 |      0 |     77 |   1 |   94.0 |
               +--------+--------+--------+--------+--------+-----+--------+

Top non-repeatable levels by time:
     D:1: 710 daAuts
     D:2: 667 daAuts
     D:3: 428 daAuts
     D:4: 319 daAuts
 Abyss:1: 94 daAuts
     D:5: 62 daAuts
